 Dungeon Crawl Stone Soup version 0.16.1-4-g8e1b745 (webtiles) character file.

558730 Medar the Middleweight Champion (level 26, -4/237 (238) HPs)
             Began as a Ghoul Assassin on Mar 27, 2015.
             Was the Champion of Makhleb.
             Forgot to exist
             ... caused by wretched star
             ... on level 4 of the Abyss on Mar 28, 2015.
             The game lasted 03:48:56 (60921 turns).

Medar the Middleweight Champion (Ghoul Assassin)   Turns: 60921, Time: 03:48:57

HP:   -4/237 (238)  AC: 41    Str: 24 (27) XL:     26   Next: 56%
MP:   0/40          EV:  2    Int: -2 (6)  God:    Makhleb [******]
Gold: 3578          SH:  0    Dex:  5 (10) Spells: 3 memorised, 20 levels left

rFire  + . .     SeeInvis +       - Unarmed
rCold  + + .     Clarity  .     w - +4 crystal plate armour
rNeg   + + +     SustAb   .     B - +2 shield of Resistance {rF+ rC+ MR+}
rPois  ∞         Gourm    .     A - +2 helmet {SInv}
rElec  .         Spirit   +     p - +2 cloak {MR+}
rCorr  .         Warding  .     (no gloves)
rMut   .         Stasis   .     X - +2 pair of boots {run}
MR     +++..                    R - amulet of guardian spirit
Stlth  ..........               r - +5 ring of evasion
                                W - +2 ring of slaying

@: rotting, lost intelligence, lost dexterity, very slow, extremely resistant to
hostile enchantments, extremely unstealthy
A: rotting body, claws 1, carnivore 3, cold resistance 1, negative energy
resistance 3, poison resistance, slow healing 1, torment resistance, unbreathing
a: Minor Destruction, Lesser Servant of Makhleb, Major Destruction, Greater
Servant of Makhleb, Renounce Religion
}: 3/15 runes: decaying, serpentine, silver


You were on level 4 of the Abyss.
You worshipped Makhleb.
Makhleb was exalted by your worship.
You were not hungry.

You visited 9 branches of the dungeon, and saw 53 of its levels.
You visited the Abyss 1 time.
You also visited: Ice Cave.

You collected 6358 gold pieces.
You spent 2780 gold pieces at shops.

Inventory:

Missiles
 K - 2 throwing nets {=f =F}
 T - 9 javelins (quivered)
Armour
 p - a +2 cloak of magic resistance (worn)
 w - a +4 crystal plate armour (worn)
 A - a +2 helmet of see invisible (worn)
 B - the +2 shield of Resistance (worn) {rF+ rC+ MR+}
   (You bought it in a shop on level 1 of the Orcish Mines)

   It protects you from fire.
   It protects you from cold.
   It affects your resistance to hostile enchantments.
 X - a +2 pair of boots of running (worn)
Jewellery
 a - an uncursed ring of protection from fire
 g - an uncursed ring of protection from magic
 r - a +5 ring of evasion (right claw)
 u - an uncursed ring of teleport control
 Q - an uncursed amulet of stasis
 R - an amulet of guardian spirit (around neck)
 W - a +2 ring of slaying (left claw)
Magical devices
 d - a wand of confusion (26)
 e - a wand of enslavement (16)
 f - a wand of cold (12)
 y - a wand of disintegration (9)
 H - a wand of teleportation (2)
 I - a wand of digging (7)
 O - a wand of heal wounds (4)
 U - a wand of teleportation (5)
 V - a wand of hasting (4)
Scrolls
 i - 2 scrolls of magic mapping
 l - 5 scrolls of blinking
 q - 12 scrolls of teleportation
 s - 11 scrolls of fog
 v - a scroll of immolation
 x - 9 scrolls of remove curse {@r1}
 z - 2 scrolls of recharging
 C - 3 scrolls of fear
 D - 2 scrolls of silence {!r}
 G - 2 scrolls of torment {!r}
 P - 4 scrolls of identify {@r2}
Potions
 c - 5 potions of might
 h - 5 potions of agility
 j - 7 potions of restore abilities
 k - a potion of cancellation
 m - 5 potions of invisibility
 t - 4 potions of resistance
 E - a potion of haste
 F - 5 potions of brilliance
 J - 11 potions of heal wounds
 L - a potion of magic
 N - 3 potions of flight
 S - 24 potions of curing {@q1}
Miscellaneous
 Y - a phantom mirror
Comestibles
 n - 27 meat rations {@e2}
 o - 12 slices of pizza
 M - 25 beef jerkies


   Skills:
 + Level 19.7 Fighting
   Level 1.7 Short Blades
 - Level 1.7 Throwing
 * Level 18.4 Armour
 - Level 6.6 Dodging
 - Level 4.3 Stealth
 - Level 15.0 Shields
 O Level 27 Unarmed Combat
 + Level 19.3 Invocations


You had 20 spell levels left.
You knew the following spells:

 Your Spells              Type           Power        Failure   Level  Hunger
p - Apportation           Tloc           #.........   100%        1    ##.....
r - Repel Missiles        Chrm/Air       #.....       100%        2    ###....
w - Blink                 Tloc           N/A          100%        2    ###....


Dungeon Overview and Level Annotations

Branches:
Dungeon (15/15)            Temple (1/1) D:4            Lair (8/8) D:10
  Swamp (5/5) Lair:5        Snake (5/5) Lair:6        Slime (0/6) Lair:7
    Orc (4/4) D:11            Elf (0/3) Orc:4        Vaults (5/5) D:13
  Crypt (0/3) Vaults:2     Depths (5/5) D:15            Zot (5/5) Depths:5

Altars:
Ashenzari
Cheibriados
Dithmenos
Elyvilon
Fedhas
Gozag
Kikubaaqudgha
Makhleb
Nemelex Xobeh
Okawaru
Qazlal
Ru
Sif Muna
Trog
Vehumet
Xom
Yredelemnul
Zin
The Shining One

Shops:
D:6 *   D:7 :   D:9 *   D:12 (   Orc:1 [   Orc:2 ?   Orc:3 }   Orc:4 [}[?%
Snake:2 =   Vaults:1 !   Vaults:2 =   Depths:1 %   Depths:2 ?!

Portals:
Hell: Depths:1 Depths:2 Depths:3 Depths:4 Depths:5
Pandemonium: Depths:2 Depths:3
Ziggurat: Depths:1

Annotations:
Lair:8 exclusion: 2 oklob plants


Innate Abilities, Weirdness & Mutations

Your body is rotting away.
You thrive on raw meat.
You have sharp fingernails.
You are carnivorous and can eat meat at any time.
Your flesh is cold resistant.
You are immune to negative energy.
Your system is resistant to poisons.
You heal slowly when monsters are visible.
You are immune to unholy pain and torment.
You can survive without breathing.


Message History

The raiju twists and deforms.
The small abomination hits you but does no damage.
A raiju comes into view.
Unknown command.
Unknown command.
Drink which item? (? for menu, Esc to quit)
You feel much better.
You are covered in liquid flames!
* * * LOW HITPOINT WARNING * * *
The raiju barks!
The crimson imp disappears in a puff of smoke!
The smoke demon hits you but does no damage.
The smoke demon barely misses you.
The smoke demon hits you but does no damage.
The neqoxec hits you but does no damage.
The raiju bites you but does no damage.
The wretched star pulses with an eldritch light!
You feel weakened.
You feel dopey.
You convulse from lack of intelligence!
You die...

# #. #.....#.
.. #... # #.##
##.## ####
#.###...###..#
##..#.....#.###
##.......h..##
#....#.....##
#.. # #Xh3## .
. ≈##@# . ≈
#x*3# # #
≈#.§3..# . #
... .≈.♣...h. .
..#.§§..#.. .
..###.§♣≈##.. #
.# #.≈≈# # # ##
# ...##≈ .. ...


You could see a tentacled starspawn, a wretched star, a smoke demon, 3 raiju, 2
neqoxecs and a small abomination.

Vanquished Creatures
  4 orbs of fire
  2 ancient liches
  Boris (Depths:5)
  2 curse toes
  A caustic shrike (Depths:3)
  5 golden dragons
  Xtahua (Vaults:3)
  6 tentacled monstrosities
  An electric golem (Depths:5)
  10 Orb Guardians (Zot:5)
  A quicksilver dragon (Vaults:5)
  4 titans
  3 liches
  6 tentacled starspawn
  2 sphinxes
  Kirke (Snake:4)
  10 tengu reavers
  13 shadow dragons
  Frances (Snake:3)
  4 draconian monks (Depths:5)
  5 greater nagas
  5 fire giants
  5 storm dragons
  12 frost giants
  2 deep elf sorcerers
  2 iron dragons (Vaults:5)
  3 draconian scorchers
  Aizul (Snake:5)
  An emperor scorpion (Depths:2)
  Gastronok (D:11)
  3 draconian zealots
  18 vault wardens
  20 ironheart preservers
  9 very ugly things
  Jorgrun (Swamp:5)
  4 draconian annihilators
  2 spriggan defenders (Depths:1)
  2 draconian shifters
  A caustic shrike skeleton (Depths:1)
  2 war gargoyles (Vaults:5)
  19 stone giants
  2 grey draconians (Zot:4)
  3 draconian callers
  6 green draconians
  5 black draconians
  A deep elf demonologist (Vaults:5)
  5 vampire knights
  2 dire elephants
  2 deep elf annihilators
  8 pale draconians
  3 yellow draconians
  4 red draconians
  5 purple draconians
  2 white draconians
  4 mottled draconians
  2 deep elf death magi (Vaults:5)
  Snorg (Swamp:3)
  3 minotaurs
  A blizzard demon (Abyss:2)
  A deep elf high priest (Vaults:5)
  48 vault guards
  A crystal guardian (Vaults:5)
  15 yaktaur captains
  14 great orbs of eyes
  2 jiangshi (Depths:2)
  14 ettins
  15 fire dragons
  A death cob (Zot:5)
  Fannar (D:10)
  6 rakshasas
  14 naga warriors
  15 ice dragons
  5 spriggan air magi
  14 hydras
  13 ogre magi
  5 deep troll earth magi
  20 death yaks
  13 centaur warriors
  4 tengu warriors
  9 thrashing horrors
  4 deep troll shamans
  7 alligators
  A sun demon (Abyss:4)
  A titan zombie (Vaults:5)
  A shock serpent (shapeshifter) (Vaults:4)
  2 orc high priests
  3 anacondas
  11 large abominations
  12 naga sharpshooters
  5 shock serpents
  3 spriggan berserkers
  A fire crab (Vaults:2)
  A salamander mystic (Snake:3)
  8 wretched stars
  2 vampire magi
  8 skeletal warriors (Vaults:1)
  A shadow demon (Abyss:4)
  3 swamp dragons
  A shadow wraith (Abyss:2)
  2 deep elf knights
  3 spatial maelstroms
  A swamp dragon (shapeshifter) (Depths:1)
  6 wizards
  2 death drakes
  6 giant orange brains
  2 naga ritualists
  An ice devil (Abyss:4)
  A shambling mangrove (Swamp:2)
  5 unseen horrors
  2 spriggan druids
  An ice statue (IceCv)
  A flayed ghost (Depths:2)
  An anubis guard (shapeshifter) (Vaults:5)
  19 deep trolls
  Pikel (D:6)
  18 ironbrand convokers
  2 lindwurms (Depths:5)
  3 harpies (Vaults:4)
  A harpy (shapeshifter) (D:14)
  8 hill giants
  4 necromancers
  2 wolf spider zombies
  6 deep elf conjurers
  A hornet (D:14)
  An oklob plant (Lair:6)
  4 griffons
  An orb spider (shapeshifter) (Vaults:1)
  A fire giant zombie (Vaults:5)
  A manticore (shapeshifter) (Vaults:1)
  4 mana vipers
  A salamander (shapeshifter) (Abyss:2)
  3 cyclopes
  7 salamanders
  8 orc sorcerers
  7 orc knights
  3 phantasmal warriors
  4 wolf spiders
  A worldbinder (Abyss:4)
  A faun (shapeshifter) (Vaults:2)
  2 hornets (shapeshifter)
  6 moths of wrath
  4 manticores
  A sixfirhy (Abyss:4)
  5 elephants (Lair:5)
  31 ugly things
  2 guardian serpents (shapeshifter)
  An apocalypse crab (Abyss:4)
  Joseph (Orc:1)
  6 centaur skeletons
  A guardian serpent (Snake:3)
  22 black mambas
  15 vault sentinels
  7 smoke demons
  13 spiny frogs
  A black mamba (shapeshifter) (Vaults:5)
  10 naga magi
  A black draconian zombie (Zot:5)
  2 torpor snails
  3 kobold demonologists
  Psyche (D:13)
  2 gargoyles
  3 orange demons
  79 yaktaurs
  An efreet (D:15)
  A tormentor (Abyss:2)
  6 ancient zymes
  A fire drake (shapeshifter) (Vaults:3)
  A komodo dragon (shapeshifter) (Vaults:1)
  14 komodo dragons
  A yaktaur skeleton (Vaults:3)
  5 fire drakes
  A blue devil (Abyss:2)
  6 deep elf priests
  2 hellwings (Abyss:4)
  3 human zombies
  2 elves (shapeshifter)
  6 freezing wraiths
  28 polar bears
  35 slime creatures
  7 tengu conjurers
  Grinder (D:5)
  A two-headed ogre (shapeshifter) (Depths:2)
  5 bog bodies
  Prince Ribbit (Orc:2)
  15 two-headed ogres
  A jumping spider (Vaults:4)
  8 raiju
  3 giant leeches
  2 frost giant simulacra
  7 trolls
  A wind drake (Depths:5)
  22 ravens
  8 baby alligators
  A raven (shapeshifter) (Depths:1)
  A fire giant simulacrum (Vaults:3)
  A hornet zombie (D:15)
  4 boulder beetles
  8 redbacks
  3 wyverns
  6 spriggans
  A trapdoor spider (shapeshifter) (Vaults:4)
  A redback (shapeshifter) (Vaults:2)
  5 vampires
  11 blink frogs
  A shadow (Swamp:4)
  2 tarantellas (Vaults:4)
  A trapdoor spider (D:11)
  8 deep elf magi
  15 small abominations
  A centaur simulacrum (D:15)
  A tarantella (shapeshifter) (Vaults:4)
  3 ynoxinuls
  6 air elementals (Depths:5)
  3 hogs (Snake:4)
  A spriggan (shapeshifter) (Depths:2)
  8 flying skulls
  A hill giant zombie (D:15)
  17 humans
  3 wraiths
  Eustachio (D:10)
  A swamp worm simulacrum (Swamp:5)
  3 spatial vortices
  56 yaks
  14 deep elf fighters
  2 mottled dragons
  A chaos spawn (Abyss:2)
  A mottled dragon (shapeshifter) (Vaults:1)
  5 hungry ghosts
  2 steam dragons (Lair:8)
  33 vampire mosquitoes
  11 insubstantial wisps
  5 neqoxecs
  A raven zombie (Depths:1)
  17 swamp worms
  58 wolves
  6 hippogriffs
  41 nagas
  A soldier ant (shapeshifter) (Vaults:1)
  11 wargs
  A soldier ant (D:13)
  23 water moccasins
  15 black bears
  A tengu zombie (Depths:1)
  3 hell hounds (Lair:8)
  A deep troll skeleton (Vaults:5)
  13 hydra simulacra (Swamp:5)
  A necrophage (D:5)
  5 sky beasts
  6 porcupines
  4 orc zombies (Orc:4)
  An ice dragon simulacrum (Depths:1)
  29 orc warriors
  10 wasps
  2 slaves (D:6)
  14 swamp drakes
  4 ice beasts
  5 boggarts (Depths:1)
  21 crocodiles
  An elf skeleton (Vaults:3)
  11 centaurs
  A crocodile (shapeshifter) (Depths:3)
  6 big kobolds
  Duvessa (D:5)
  56 ogres
  A boring beetle (shapeshifter) (Depths:2)
  A yaktaur zombie (Depths:1)
  4 boring beetles
  A brain worm (D:15)
  22 giant frogs
  2 scorpions
  4 wights (D:10)
  3 electric eels
  21 killer bees
  Dowan (D:5)
  3 goliath beetles
  4 human simulacra
  A lava snake (Lair:1)
  2 giant frog zombies
  A quasit (Abyss:4)
  10 crimson imps
  11 starcursed masses
  25 orc priests
  20 hounds
  2 iron imps
  3 jellies
  34 orc wizards
  8 worker ants
  4 giant frog skeletons
  5 human skeletons
  9 iguanas
  A killer bee zombie (D:6)
  22 sheep
  A worker ant zombie (D:11)
  A hound skeleton (D:5)
  39 river rats
  17 adders
  5 shadow imps
  5 white imps
  5 worms
  5 swamp drake simulacra (Swamp:5)
  3 ufetubi
  6 giant geckos
  161 orcs
  A bat skeleton (D:5)
  A bat zombie (D:5)
  3 giant cockroaches
  30 hobgoblins
  12 jackals
  35 kobolds
  12 quokkas
  2 ball pythons (D:2)
  8 bats
  A giant gecko skeleton (D:5)
  7 giant newts
  A giant spore (D:12)
  30 goblins
  2 goblin skeletons (Orc:1)
  A jackal skeleton (D:4)
  A lurking horror (Abyss:2)
  An orc skeleton (Orc:4)
  11 rats
  3 ballistomycetes (D:12)
  3 crawling corpses (Depths:2)
  2 plants (Lair:8)
  10 starspawn tentacles
2388 creatures vanquished.

Vanquished Creatures (collateral kills)
  Sojobo (Depths:1)
  Norris (Swamp:5)
  Saint Roka (Depths:5)
  the Enchantress (Depths:1)
  Asterion (Swamp:4)
  A sphinx (Vaults:5)
  2 draconian monks
  3 tengu reavers
  3 greater nagas (Snake:5)
  3 vault wardens
  A draconian scorcher (Zot:5)
  A fire giant (Vaults:5)
  A very ugly thing (Depths:1)
  A spriggan defender (Depths:1)
  2 ironheart preservers (Vaults:3)
  A green draconian (Zot:1)
  A black draconian (Zot:1)
  A pale draconian (Depths:5)
  2 deep elf annihilators
  A purple draconian (Depths:5)
  A white draconian (Depths:5)
  A red draconian (Depths:5)
  A hydra (Swamp:5)
  3 naga warriors (Snake:5)
  A spriggan air mage (Depths:1)
  2 ice dragons
  2 deep troll earth magi (Depths:1)
  3 alligators (Swamp:4)
  2 death yaks (Depths:5)
  2 tengu warriors (Depths:1)
  2 naga sharpshooters (Snake:5)
  A spriggan druid (Swamp:4)
  2 shambling mangroves (Swamp:4)
  3 ironbrand convokers
  A harpy (Vaults:5)
  A mana viper (Snake:5)
  A wolf spider (Vaults:3)
  5 ugly things
  4 spiny frogs
  A naga mage (Snake:5)
  2 deep elf priests (Vaults:3)
  4 freezing wraiths (Swamp:5)
  2 yaktaurs
  2 bog bodies
  3 ravens (Swamp:4)
  3 two-headed ogres
  4 wandering mushrooms (Zot:4)
  3 baby alligators (Swamp:4)
  3 spriggans (Swamp:4)
  A deep elf mage (Vaults:1)
  13 vampire mosquitoes
  2 deep elf fighters
  3 swamp worms
  20 nagas (Snake:5)
  A swamp worm (shapeshifter) (Vaults:5)
  4 water moccasins
  3 orc warriors (Depths:5)
  A hydra simulacrum (Swamp:5)
  2 swamp drakes (Swamp:4)
  A wasp (Swamp:4)
  3 ogres (Vaults:3)
  2 sheep (Vaults:1)
  2 swamp drake simulacra (Swamp:5)
  4 orcs
  2 crawling corpses (Vaults:3)
158 creatures vanquished.

Vanquished Creatures (others)
  Nikola (Depths:1)
  An eldritch tentacle (Depths:1)
  6 Executioners
  A fire giant (Depths:1)
  A draconian scorcher (Zot:4)
  3 balrugs
  3 cacodemons
  6 green deaths
  5 blizzard demons
  A lindwurm (Depths:5)
  A sixfirhy (Vaults:5)
  A polar bear (IceCv)
  2 yaks (IceCv)
  The ghost of jazmu the Chopper, an average GrFi (D:4)
  A swamp worm (Swamp:1)
  A water moccasin (Swamp:5)
  A swamp drake (Depths:5)
  An ice beast (D:6)
  A slave (D:6)
  A boggart (Depths:1)
  A quasit (Abyss:2)
  An orc priest (D:6)
  An iguana (Lair:8)
  A hound skeleton (D:10)
  A shadow imp (Abyss:4)
  An orc (D:6)
  3 goblins (D:6)
  3 lurking horrors
  An orc zombie (Vaults:5)
  52 eldritch tentacle segments (Depths:1)
  2 fungi
  3 plants
  10 starspawn tentacles
  27 starspawn tentacle segments
146 creatures vanquished.

Grand Total: 2692 creatures vanquished

Notes
Turn   | Place    | Note
--------------------------------------------------------------
     0 | D:1      | Medar, the Ghoul Assassin, began the quest for the Orb.
     0 | D:1      | Reached XP level 1. HP: 17/17 MP: 1/1
   149 | D:1      | Reached skill level 1 in Unarmed Combat
   317 | D:1      | Reached XP level 2. HP: 16/24 MP: 2/2
   901 | D:1      | Reached XP level 3. HP: 29/29 MP: 3/3
  2173 | D:2      | Reached XP level 4. HP: 27/36 MP: 3/3
  2881 | D:3      | Reached skill level 1 in Armour
  2881 | D:3      | Reached XP level 5. HP: 36/41 MP: 4/4
  2987 | D:3      | Reached skill level 5 in Unarmed Combat
  3450 | D:3      | Found a shimmering altar of Xom.
  3546 | D:3      | Reached XP level 6. HP: 48/48 MP: 5/5
  3726 | D:3      | Reached skill level 6 in Unarmed Combat
  3757 | D:4      | Got a warped chain mail
  3772 | D:4      | Identified the +5 chain mail "Saxa" {rElec rPois Str-4} (You found it on level 4 of the Dungeon)
  3891 | D:4      | Killed jazmu's ghost
  4265 | D:4      | Found a staircase to the Ecumenical Temple.
  4275 | Temple   | Entered the Ecumenical Temple
  4531 | Temple   | Became a worshipper of Makhleb the Destroyer
  4716 | D:5      | Entered Level 5 of the Dungeon
  4732 | D:5      | Reached XP level 7. HP: 54/54 MP: 5/5
  4776 | D:5      | Reached skill level 7 in Unarmed Combat
  5102 | D:5      | Reached skill level 8 in Unarmed Combat
  5119 | D:5      | Reached XP level 8. HP: 61/61 MP: 6/6
  5153 | D:5      | Noticed a water moccasin
  5153 | D:5      | Noticed Duvessa
  5163 | D:5      | Killed a water moccasin
  5168 | D:5      | Killed Duvessa
  5168 | D:5      | Acquired Makhleb's first power
  5245 | D:5      | Reached skill level 9 in Unarmed Combat
  5283 | D:5      | Noticed Dowan
  5291 | D:5      | Killed Dowan
  5334 | D:5      | Noticed Grinder
  5346 | D:5      | Killed Grinder
  5752 | D:6      | Found a stormy altar of Qazlal.
  5780 | D:6      | Noticed Pikel
  6027 | D:6      | Killed Pikel
  6027 | D:6      | Reached skill level 5 in Armour
  6027 | D:6      | Reached skill level 10 in Unarmed Combat
  6027 | D:6      | Reached XP level 9. HP: 65/67 MP: 7/7
  6156 | D:6      | Found Gozag's Platinum Reserve.
  6161 | D:6      | Found an opulent altar of Gozag.
  6603 | D:6      | Found a sacrificial altar of Ru.
  6727 | D:6      | Found an iron altar of Okawaru.
  6824 | D:7      | Acquired Makhleb's second power
  6840 | D:7      | Found Clejatai's Book Emporium.
  7080 | D:7      | Reached skill level 11 in Unarmed Combat
  7291 | D:7      | Found a snail-covered altar of Cheibriados.
  8696 | D:8      | Reached skill level 12 in Unarmed Combat
  8810 | D:8      | Reached XP level 10. HP: 74/78 MP: 7/7
  8836 | D:8      | Acquired Makhleb's third power
  9139 | D:9      | Reached skill level 5 in Fighting
  9335 | D:9      | Found a shadowy altar of Dithmenos.
  9444 | D:9      | Got a pitted spear
  9570 | D:9      | Found Xampior's Assorted Antiques.
  9600 | D:9      | Bought a cyan potion for 23 gold pieces
  9600 | D:9      | Bought a scroll of identify for 52 gold pieces
  9600 | D:9      | Bought a scroll of identify for 52 gold pieces
  9600 | D:9      | Bought a helmet for 117 gold pieces
  9630 | D:9      | Got a smoking falchion
 10096 | D:10     | Entered Level 10 of the Dungeon
 10096 | D:10     | Noticed a hill giant
 10130 | D:9      | Acquired Makhleb's fourth power
 10205 | D:10     | Identified the cursed -2 falchion of Duty {slice, rN+ MR- MP-9 Str+4 Int+6} (You found it on level 9 of the Dungeon)
 10432 | D:10     | Noticed Fannar
 10448 | D:10     | Killed Fannar
 10527 | D:10     | Killed a hill giant
 10527 | D:10     | Reached skill level 13 in Unarmed Combat
 10635 | D:10     | Reached XP level 11. HP: 95/95 MP: 8/8
 10670 | D:10     | Found a staircase to the Lair.
 10705 | D:10     | Learned a level 2 spell: Blink
 11109 | D:10     | Noticed a two-headed hydra
 11119 | D:10     | Killed a two-headed hydra
 11243 | D:10     | Acquired Makhleb's fifth power
 11282 | D:10     | Noticed Eustachio
 11296 | D:10     | Killed Eustachio
 11333 | D:10     | Noticed a hill giant
 11345 | D:10     | Killed a hill giant
 11462 | D:10     | Learned a level 2 spell: Repel Missiles
 11564 | Lair:1   | Entered Level 1 of the Lair of Beasts
 11976 | Lair:1   | Reached skill level 14 in Unarmed Combat
 12082 | Lair:1   | Reached skill level 10 in Fighting
 12436 | Lair:1   | Got a vibrating golden amulet
 12437 | Lair:1   | Identified the amulet "Leruh" {Inacc +Blink MR+ Stlth-} (You found it on level 1 of the Lair of Beasts)
 12582 | Lair:1   | Identified the Almanac of Translocation and Snow
 12933 | Lair:2   | Learned a level 1 spell: Apportation
 13152 | Lair:2   | Reached skill level 1 in Shields
 13310 | Lair:2   | Noticed an eight-headed hydra
 13615 | Lair:2   | Killed an eight-headed hydra
 13615 | Lair:2   | Reached XP level 12. HP: 57/106 MP: 9/9
 14296 | Lair:3   | Reached skill level 15 in Unarmed Combat
 14467 | Lair:3   | Noticed a four-headed hydra
 14478 | Lair:3   | Killed a four-headed hydra
 15602 | Lair:4   | Reached skill level 16 in Unarmed Combat
 15907 | Lair:4   | Noticed a five-headed hydra
 15917 | Lair:4   | Killed a five-headed hydra
 16192 | Lair:5   | Found a shimmering altar of Xom.
 16277 | Lair:5   | Found an opulent altar of Gozag.
 16291 | Lair:5   | Noticed a six-headed hydra
 16310 | Lair:5   | Reached skill level 17 in Unarmed Combat
 16317 | Lair:5   | Killed a six-headed hydra
 16317 | Lair:5   | Reached XP level 13. HP: 91/111 MP: 9/9
 16341 | Lair:5   | Reached skill level 1 in Invocations
 16561 | Lair:5   | Found a staircase to the Swamp.
 16823 | Lair:5   | Reached skill level 5 in Invocations
 17452 | Lair:6   | Found a white marble altar of Elyvilon.
 17491 | Lair:6   | Found a staircase to the Snake Pit.
 18303 | Lair:7   | Found a frozen archway.
 18413 | IceCv    | Entered an ice cave
 18758 | IceCv    | Reached skill level 10 in Invocations
 18762 | IceCv    | Reached skill level 1 in Dodging
 19001 | IceCv    | Reached XP level 14. HP: 116/122 MP: 26/26
 19120 | IceCv    | Noticed a frost giant
 19141 | IceCv    | Killed a frost giant
 19215 | IceCv    | Identified a +1 pair of boots of running (You found it in an ice cave)
 19935 | Lair:7   | Found a staircase to the Slime Pits.
 20112 | Lair:8   | Entered Level 8 of the Lair of Beasts
 21249 | Lair:8   | Reached skill level 18 in Unarmed Combat
 22178 | D:11     | Found a staircase to the Orcish Mines.
 22492 | D:11     | Noticed Gastronok
 22509 | D:11     | Killed Gastronok
 22737 | D:11     | Reached XP level 15. HP: 132/132 MP: 27/27
 22876 | Orc:1    | Entered Level 1 of the Orcish Mines
 23057 | Orc:1    | Found Biese's Armour Boutique.
 23245 | Orc:2    | Found Tuco's Magic Scroll Boutique.
 23257 | Orc:2    | Bought a scroll of identify for 30 gold pieces
 23257 | Orc:2    | Bought a scroll of identify for 30 gold pieces
 23257 | Orc:2    | Bought a scroll of identify for 30 gold pieces
 23696 | Orc:1    | Noticed Prince Ribbit
 23697 | Orc:1    | Noticed Joseph
 23710 | Orc:2    | Killed Prince Ribbit
 23731 | Orc:1    | Killed Joseph
 23894 | Orc:3    | Reached skill level 5 in Shields
 24036 | Orc:3    | Found Kaphacvi's Gadget Shop.
 24708 | Orc:4    | Entered Level 4 of the Orcish Mines
 24931 | Orc:4    | Found an iron altar of Okawaru.
 25108 | Orc:4    | Found Ozouz's Antique Armour Shop.
 25108 | Orc:4    | Found Pnackoud's Armour Boutique.
 25239 | Orc:4    | Found Qab Naq's Gadget Shop.
 25250 | Orc:4    | Found Zicimp's Magic Scroll Boutique.
 25339 | Orc:4    | Bought a scroll of identify for 36 gold pieces
 25342 | Orc:4    | Bought a +2 helmet of see invisible for 279 gold pieces
 25426 | Orc:4    | Found Raet's Food Emporium.
 25564 | Orc:4    | Found a staircase to the Elven Halls.
 25954 | Orc:1    | Bought the +2 shield of Resistance {rF+ rC+ MR+} for 616 gold pieces
 26053 | D:12     | Found Temegaod's Antique Weapon Shop.
 26981 | D:13     | Identified a scroll of acquirement
 26984 | D:13     | Got a pair of bloodstained gloves
 26990 | D:13     | Identified the -1 pair of gloves of Listlessness {Str+3} (You acquired it on level 13 of the Dungeon)
 27195 | D:13     | Noticed Psyche
 27205 | D:13     | Killed Psyche
 27357 | D:13     | Found a gate to the Vaults.
 27896 | D:13     | Reached skill level 10 in Shields
 28828 | D:15     | Entered Level 15 of the Dungeon
 28989 | D:15     | Reached XP level 16. HP: 123/139 MP: 28/28
 29403 | D:15     | Found a staircase to the Depths.
 30072 | Swamp:1  | Entered Level 1 of the Swamp
 30257 | Swamp:1  | Found a burning altar of Makhleb.
 31114 | Swamp:3  | Noticed Snorg
 31128 | Swamp:3  | Killed Snorg
 31432 | Swamp:4  | Noticed Asterion
 31451 | Swamp:4  | Killed Asterion
 31983 | Swamp:5  | Entered Level 5 of the Swamp
 31985 | Swamp:5  | Noticed Norris
 32063 | Swamp:5  | Killed Norris
 32230 | Swamp:5  | Reached XP level 17. HP: 146/146 MP: 29/29
 32556 | Swamp:5  | Noticed Jorgrun
 32572 | Swamp:5  | Killed Jorgrun
 32898 | Swamp:5  | Reached skill level 15 in Shields
 33158 | Swamp:5  | Got a decaying rune of Zot
 33571 | Snake:1  | Entered Level 1 of the Snake Pit
 34732 | Snake:2  | Found Wazap's Jewellery Shop.
 35702 | Snake:3  | Noticed Frances
 35726 | Snake:3  | Killed Frances
 35764 | Snake:3  | Reached skill level 10 in Armour
 36025 | Snake:3  | Reached skill level 19 in Unarmed Combat
 37211 | Snake:4  | Noticed Kirke
 37230 | Snake:4  | Killed Kirke
 37279 | Snake:5  | Entered Level 5 of the Snake Pit
 37279 | Snake:5  | Noticed Aizul
 37297 | Snake:5  | Killed Aizul
 37535 | Snake:5  | Reached XP level 18. HP: 156/156 MP: 30/30
 38380 | Snake:5  | Got a serpentine rune of Zot
 39163 | Vaults:1 | Entered Level 1 of the Vaults
 39358 | Vaults:1 | Reached skill level 20 in Unarmed Combat
 39767 | Vaults:1 | Found Mificai's Distillery.
 39771 | Vaults:1 | Bought a potion of heal wounds for 75 gold pieces
 39771 | Vaults:1 | Bought a potion of might for 60 gold pieces
 40392 | Vaults:1 | Reached XP level 19. HP: 125/164 MP: 32/32
 41021 | Vaults:2 | Found Zaocw's Jewellery Shoppe.
 41042 | Vaults:2 | Bought an uncursed amulet of guardian spirit for 510 gold pieces
 41360 | Vaults:2 | Reached skill level 21 in Unarmed Combat
 41571 | Vaults:2 | Found a staircase to the Crypt.
 42219 | Vaults:3 | Noticed Xtahua
 42242 | Vaults:3 | Killed Xtahua
 42559 | Vaults:3 | Reached XP level 20. HP: 176/176 MP: 24/33
 43519 | Vaults:3 | Reached skill level 15 in Fighting
 43545 | Vaults:3 | Got a fine hat
 43556 | Vaults:3 | Identified the +1 hat of Resourcefulness {rElec Regen+ rCorr Int-4 Dex+2} (You found it on level 3 of the Vaults)
 43593 | Vaults:3 | Found a radiant altar of Vehumet.
 43780 | Vaults:3 | Reached skill level 22 in Unarmed Combat
 44369 | Vaults:4 | Reached skill level 5 in Dodging
 45462 | Depths:1 | Entered Level 1 of the Depths
 45476 | Depths:1 | Noticed the Enchantress
 45514 | Depths:1 | Killed the Enchantress
 45540 | Depths:1 | Got a faerie dragon armour
 45556 | Depths:1 | Identified the +1 faerie dragon armour {MR+} (You took it off the Enchantress on level 1 of the Depths)
 45597 | Depths:1 | Found Jamm's Food Boutique.
 45652 | Depths:1 | Found a gateway to a ziggurat.
 45678 | Depths:1 | Reached XP level 21. HP: 158/185 MP: 28/34
 45976 | Depths:1 | Found a shattered altar of Ashenzari.
 46298 | Depths:1 | Noticed Sojobo
 46311 | Depths:1 | Killed Sojobo
 46312 | Depths:1 | Reached skill level 15 in Invocations
 46338 | Depths:1 | Noticed Nikola
 46354 | Depths:1 | Killed Nikola
 46392 | Depths:1 | Got a pair of smoking gloves
 46398 | Depths:1 | Identified the +2 pair of gloves "Ewniw Arph" {Int+2} (You found it on level 1 of the Depths)
 48209 | Depths:1 | Found a gateway to Hell.
 48393 | Depths:2 | Found Enir's Magic Scroll Boutique.
 48408 | Depths:2 | Bought a scroll of blinking for 90 gold pieces
 48408 | Depths:2 | Bought a scroll of fear for 42 gold pieces
 48458 | Depths:2 | Reached skill level 23 in Unarmed Combat
 48572 | Depths:2 | Found Waop's Distillery.
 48584 | Depths:2 | Bought 2 potions of resistance for 360 gold pieces
 48584 | Depths:2 | Bought a potion of heal wounds for 90 gold pieces
 48584 | Depths:2 | Bought a potion of curing for 54 gold pieces
 48584 | Depths:2 | Bought a potion of haste for 180 gold pieces
 48584 | Depths:2 | Bought a potion of curing for 54 gold pieces
 48925 | Depths:2 | Reached XP level 22. HP: 175/193 MP: 27/36
 49479 | Depths:2 | Found a one-way gate leading to the halls of Pandemonium.
 49684 | Depths:3 | Noticed a caustic shrike
 50245 | Depths:3 | Killed a caustic shrike
 51227 | Depths:4 | Reached skill level 24 in Unarmed Combat
 51792 | Depths:5 | Entered Level 5 of the Depths
 51858 | Depths:5 | Noticed Boris
 51879 | Depths:5 | Killed Boris
 51954 | Depths:5 | Reached XP level 23. HP: 203/203 MP: 37/37
 51972 | Depths:5 | Noticed Saint Roka
 52003 | Depths:5 | Killed Saint Roka
 52330 | Depths:5 | Got a bloodstained chain mail
 52341 | Depths:5 | Identified the +8 chain mail of the Invisible Hand {-Tele +Inv rPois rN+} (You found it on level 5 of the Depths)
 52910 | Depths:5 | Found a gate to the Realm of Zot.
 53194 | Depths:5 | Reached skill level 15 in Armour
 53989 | Vaults:5 | Entered Level 5 of the Vaults
 54170 | Vaults:5 | Reached skill level 25 in Unarmed Combat
 54304 | Vaults:5 | Reached XP level 24. HP: 205/216 MP: 31/38
 55028 | Vaults:5 | Got a silver rune of Zot
 55342 | Vaults:5 | Noticed an ancient lich
 55373 | Vaults:5 | Killed an ancient lich
 56003 | Vaults:5 | Reached XP level 25. HP: 226/226 MP: 39/39
 56646 | Zot:1    | Entered Level 1 of the Realm of Zot
 56654 | Zot:1    | Noticed an orb of fire
 57005 | Zot:1    | Killed an orb of fire
 57115 | Zot:1    | Reached skill level 26 in Unarmed Combat
 57540 | Zot:1    | Noticed an orb of fire
 57568 | Zot:1    | Killed an orb of fire
 57790 | Zot:5    | Entered Level 5 of the Realm of Zot
 58425 | Zot:5    | Noticed an orb of fire
 58450 | Zot:5    | Killed an orb of fire
 58469 | Zot:5    | Noticed an ancient lich
 58866 | Zot:5    | Noticed an ancient lich
 58886 | Zot:5    | Killed an ancient lich
 58886 | Zot:5    | Reached XP level 26. HP: 237/237 MP: 40/40
 58971 | Zot:5    | Noticed an orb of fire
 58997 | Zot:5    | Killed an orb of fire
 59008 | Zot:5    | Noticed an orb of fire
 59016 | Zot:5    | Noticed an orb of fire
 59029 | Zot:5    | Cast into the Abyss (the power of Zot)
 59578 | Abyss:2  | Lost intelligence.
 60153 | Abyss:4  | Found a corrupted altar of Lugonu.
 60281 | Abyss:4  | Found a radiant altar of Vehumet.
 60587 | Abyss:4  | Reached skill level 27 in Unarmed Combat
 60674 | Abyss:4  | Lost intelligence.
 60809 | Abyss:4  | Found a corrupted altar of Lugonu.
 60910 | Abyss:4  | Lost intelligence.
 60910 | Abyss:4  | Lost dexterity.
 60920 | Abyss:4  | HP: 2/237 [clumsiness (wretched star)]
 60921 | Abyss:4  | Forgot to exist ... caused by wretched star

Action                   |  1- 3 |  4- 6 |  7- 9 | 10-12 | 13-15 | 16-18 | 19-21 | 22-24 | 25-27 || total
-------------------------+-------+-------+-------+-------+-------+-------+-------+-------+-------++-------
Melee: Dagger            |    83 |       |       |       |       |       |       |       |       ||    83
       Unarmed           |    48 |   247 |   289 |   941 |  2283 |  2095 |  2105 |  1792 |  1057 || 10857
       Rapier            |       |       |    36 |       |       |       |       |       |       ||    36
 Fire: Blowgun           |     5 |    19 |    89 |    56 |     3 |       |       |       |       ||   172
Throw: Tomahawk          |       |       |     1 |       |       |       |       |       |       ||     1
       Throwing net      |       |       |       |     1 |       |       |       |       |       ||     1
       Javelin           |       |       |       |     4 |     6 |     7 |       |       |       ||    17
Invok: Greater Servant o |       |       |       |       |       |     8 |    12 |    12 |     4 ||    36
       Major Destruction |       |       |       |       |       |     3 |       |       |       ||     3
Evoke: Wand              |       |       |     7 |    12 |     4 |     5 |     7 |       |     8 ||    43
       Phantom mirror    |       |       |       |       |       |     1 |       |       |       ||     1
  Use: Scroll            |       |    10 |     7 |    11 |    19 |    15 |     9 |    10 |    11 ||    92
       Potion            |       |       |       |       |     1 |     1 |     1 |       |    13 ||    16
 Stab: Sleeping          |     7 |       |       |       |       |       |       |       |       ||     7
       Fleeing           |       |       |       |       |     1 |       |       |       |       ||     1
       Distracted        |       |       |       |       |       |     6 |     6 |     3 |     1 ||    16
       Confused          |       |       |       |       |       |     2 |       |     1 |       ||     3
  Eat: Chunk             |     5 |     8 |    20 |    35 |   105 |   105 |    71 |    66 |    25 ||   440
       Pizza             |       |       |     1 |       |     1 |       |       |       |       ||     2
       Beef jerky        |       |       |       |       |       |       |       |       |     2 ||     2
